 Dungeon Crawl Stone Soup version 0.30-a0-824-g6c64550be9 (webtiles) character file.

Game seed: 5318459373482120339

185 bmack86 the Chopper (level 5, -11/47 HPs)
             Began as a Minotaur Fighter on Feb 28, 2023.
             Mangled by Menkaure (12 damage)
             ... on level 4 of the Dungeon.
             The game lasted 00:05:15 (2129 turns).

bmack86 the Chopper (Minotaur Fighter)              Turns: 2129, Time: 00:05:15

Health: -11/47     AC:  7    Str: 23    XL:     5   Next: 37%
Magic:  4/4        EV:  9    Int:  5    God:
Gold:   172        SH:  4    Dex:  9    Spells: 4/4 levels left

rFire   . . .      SeeInvis .    a - +0 war axe
rCold   . . .      Faith    .    c - +0 buckler
rNeg    . . .      Spirit   .    b - +0 scale mail
rPois   .          Reflect  .    (helmet restricted)
rElec   .          Harm     .    (no cloak)
rCorr   .          Rampage  .    (no gloves)
Will    .....                    (no boots) Stlth
                                 (no amulet)
HPRegen 0.27/turn                (no ring)
MPRegen 0.09/turn                (no ring)

@: no status effects
A: horns 2, retaliatory headbutt
a: no special abilities


You were on level 4 of the Dungeon.
You visited 1 branch of the dungeon, and saw 4 of its levels.

You collected 172 gold pieces.

Inventory:

Hand Weapons
 a - a +0 war axe (weapon)
Armour
 b - a +0 scale mail (worn)
 c - a +0 buckler (worn)
Wands
 n - a wand of mindburst (19)
Scrolls
 g - 2 scrolls of enchant weapon
 h - a scroll of poison {unknown}
 i - 2 scrolls of vulnerability {unknown}
 j - 2 scrolls of teleportation {unknown}
 m - a scroll of fog {unknown}
 q - a scroll of fear {unknown}
Potions
 d - a potion of might
 f - 2 potions of haste
 k - 2 potions of cancellation
 l - 2 potions of heal wounds
 o - a potion of curing {unknown}
 p - 2 potions of resistance {unknown}


   Skills:
 + Level 4.6 Fighting
 * Level 4.7 Axes
 + Level 4.5 Armour
 + Level 4.6 Shields


You had 4 spell levels left.
You didn't know any spells.
Your spell library contained the following spells:

 Spells                   Type           Power      Damage    Failure   Level
 Beastly Appendage        Tmut           0%         N/A       86%         1
 Wereblood                Tmut           0%         N/A       95%         2
 Gell's Gravitas          Tloc           0%         N/A       99%         3
 Spider Form              Tmut/Pois      0%         N/A       99%         3
 Teleport Other           Tloc           0%         N/A       99%         3
 Dispersal                Tloc           0%         N/A       100%        6


Dungeon Overview and Level Annotations

Branches:
Dungeon (4/15)
 Temple: D:4-7

Altars:
Ashenzari
Qazlal

Annotations:
D:4 Menkaure


Innate Abilities, Weirdness & Mutations

You have a pair of horns on your head.
You reflexively headbutt those who attack you in melee.


Message History

Pain shoots through your body!
You slash the orc!
You kill the orc!
The orc closely misses you. You furiously retaliate!
You headbutt the orc!
You kill the orc!
Things that are here:
a +0 dagger; a +0 ring mail 3 orcs come into view.
An orc is wielding a +1 heavy mace.
Found a dark potion.
The orc shouts! x3
Things that are here:
a +0 falchion; an orc corpse
Found a stormy altar of Qazlal.
Menkaure casts a spell at you.
You barely resist. The orc hits you with a +1 heavy mace!
Menkaure hits you but does no damage.
Things that are here:
a +0 falchion; an orc corpse Menkaure hits you.
Things that are here:
a +0 dagger; a +0 ring mail You slash Menkaure!
Menkaure is moderately damaged.
Menkaure points at you and mumbles some strange words.
Pain shoots through your body!
You hit Menkaure.
Menkaure is heavily damaged.
You hit the orc but do no damage. The orc barely misses you.
Menkaure hits you!!
* * * LOW HITPOINT WARNING * * *
You block the orc's attack.
You hit Menkaure.
Menkaure is heavily damaged.
You hit the orc. You hit the orc but do no damage.
The orc hits you with a +0 dagger.
* * * LOW HITPOINT WARNING * * *
The orc hits you with a +1 heavy mace!
* * * LOW HITPOINT WARNING * * *
Menkaure hits you!
You die...

*** ***** ### ***
*,*****,*,#####.# ***,*******
*,*,,,,,*,,.....# *,,,,,,,,,,
*,,,,,*,*,**#...#######.#,,,,***
**,*,*,*,*,* #...#<......#,**,*
,*,*,*,*,*,* #...........#,**+***
,*,*,*,*,*,**#.#.#######.#,,,,,,,
,,,*,*,*,,,,,#.o@M......,*,,,,,,,
*,,,,****,**####o#######**,,,,,,,
,,*<<,*,,,,,#...o...o...,,,,,,,,,
*,,,,,*,,,,,#.....######***,,,,,,
,,*,,,,,,_....##....,*****,,,,,,,
,>,,,,*,,...#.,?......,,,,,,,,,,,
,,,****,,..,#**#####!##**,,,,,,,,
,,,*,,***.***,,,,,,*.# *,,,,,,,,
,,,*,,,,,,,,******,*,# ***,,,,,,


You could see Menkaure and 3 orcs.

Vanquished Creatures
  Jessica (D:3)
  Robin (D:3)
  5 gnolls
  A worm (D:2)
  2 dart slugs
  6 orcs
  3 ball pythons
  4 bats
  3 endoplasms
  3 giant cockroaches
  13 goblins
  12 hobgoblins
  4 jackals
  3 kobolds (D:2)
  4 quokkas
  13 frilled lizards
  5 rats
83 creatures vanquished.

Vanquished Creatures (others)
  5 plants (D:1)
5 creatures vanquished.

Grand Total: 88 creatures vanquished

Notes
Turn   | Place    | Note
-------+----------+-------------------------------------------
     0 | D:1      | bmack86 the Minotaur Fighter began the quest for the Orb.
     0 | D:1      | Reached XP level 1. HP: 19/19 MP: 0/0
   253 | D:1      | Reached XP level 2. HP: 24/27 MP: 1/1
   364 | D:1      | Reached XP level 3. HP: 5/33 MP: 2/2
   662 | D:2      | Found a broken altar of Ashenzari.
   971 | D:2      | Reached XP level 4. HP: 21/40 MP: 3/3
  1631 | D:3      | Noticed Robin
  1651 | D:3      | Killed Robin
  1705 | D:3      | Reached XP level 5. HP: 45/47 MP: 4/4
  1892 | D:3      | Noticed Jessica
  1904 | D:3      | Killed Jessica
  2120 | D:4      | Noticed Menkaure
  2124 | D:4      | Found a stormy altar of Qazlal.
  2129 | D:4      | HP: 1/47 [orc/+1 heavy mace (12)]
  2129 | D:4      | Mangled by Menkaure

Illustrated notes

Levels and vault maps discovered:
D:1:      dpeg_arrival_radiant, layout_rooms, minmay_lizard_king
D:2:      layout_loops_ring, basic_altar, minivault_24
D:3:      layout_basic, minmay_door_square, uniq_jessica, uniq_robin
D:4:      layout_basic, nicolae_overflow_crystal_walls, grunt_qazlal_clouds,
          gammafunk_temple_overflow_statue, uniq_natasha, uniq_edmund,
          uniq_menkaure, uniq_pikel, uniq_duvessa

Skill      XL: |  1  2  3  4 |
---------------+-------------+-----
Axes           | 3 4 |  4.7
Fighting       | 4 |  4.6
Armour         | 4 |  4.5
Shields        | 4 |  4.6

Action                     |  1- 3 |  4- 6 || total
---------------------------+-------+-------++-------
  Melee: War axe           |    69 |    62 ||   131
         Headbutt          |    13 |    10 ||    23
    Use: Scroll            |     3 |     4 ||     7
 Armour: Scale mail        |    40 |    20 ||    60
  Dodge: Dodged            |    51 |    34 ||    85
  Block: Buckler           |    24 |    17 ||    41

Table legend: (Time is in decaauts)
 A = Elapsed time spent in this place.
 B = Non-inter-level travel time spent in this place.
 C = Inter-level travel time spent in this place.
 D = Time resting spent in this place.
 E = Time spent auto-exploring this place.
 F = Levels seen in this place.
 G = Mean time per level.
                   A        B        C        D        E       F      G
               +--------+--------+--------+--------+--------+-----+--------+
         Total |   2175 |   2152 |     23 |      0 |   1395 |   4 |  543.8 |
       Dungeon |   2175 |   2152 |     23 |      0 |   1395 |   4 |  543.8 |
               +--------+--------+--------+--------+--------+-----+--------+

Top non-repeatable levels by time:
     D:2: 809 daAuts
     D:3: 722 daAuts
     D:1: 629 daAuts
     D:4: 14 daAuts
